 Dungeon Crawl Stone Soup version 0.28-a0-895-g6e5f11bd55 (webtiles) character file.

Game seed: 7420482158729139145

179 Anon1729 the Chiller (level 5, -12/35 HPs)
             Began as a Demonspawn Ice Elementalist on Nov 22, 2021.
             Killed from afar by Pikel (16 damage)
             ... with an iceblast
             ... on level 4 of the Dungeon.
             The game lasted 00:03:36 (3355 turns).

Anon1729 the Chiller (Demonspawn Ice Elementalist)  Turns: 3355, Time: 00:03:37

Health: -12/35     AC:  2    Str:  8    XL:     5   Next: 32%
Magic:  9/9        EV: 13    Int: 18    God:
Gold:   112        SH:  0    Dex: 19    Spells: 5/9 levels left

rFire   . . .      SeeInvis .   d - +0 dagger
rCold   . . .      Faith    .   (no shield)
rNeg    . . .      Spirit   .   a - +0 robe
rPois   .          Reflect  .   (no helmet)
rElec   .          Harm     .   (no cloak)
rCorr   .          Rampage  .   (no gloves)
Will    .....                   (no boots)
Stlth   +++.......              (no amulet)
HPRegen 0.11/turn               l - +6 ring of dexterity
MPRegen 0.11/turn               (no ring)

@: hasted, very quick
A: hooves 1, spiny 2
a: no special abilities


You were on level 4 of the Dungeon.
You visited 1 branch of the dungeon, and saw 4 of its levels.

You collected 112 gold pieces.

Inventory:

Hand Weapons
 d - a +0 dagger (weapon)
Missiles
 m - a throwing net
Armour
 a - a +0 robe (worn)
Jewellery
 l - a +6 ring of dexterity (left hand)
Scrolls
 b - 2 scrolls of holy word {unknown}
 c - a scroll of teleportation {unknown}
 g - a scroll of vulnerability {unknown}
 h - a scroll of immolation {unknown}
 p - a scroll of enchant weapon {unknown}
 q - 2 scrolls of identify {unknown}
 r - a scroll of amnesia {unknown}
Potions
 e - a potion of haste
 f - 4 potions of cancellation
 i - a potion of attraction {unknown}
 j - 2 potions of lignification {unknown}
 k - a potion of degeneration {unknown}
 n - a potion of brilliance {unknown}
 o - a potion of heal wounds {unknown}


   Skills:
 + Level 2.9 Dodging
 + Level 3.1 Stealth
 * Level 0.8 Unarmed Combat
 + Level 2.9 Spellcasting
 + Level 4.3 Ice Magic


You had 5 spell levels left.
You knew the following spells:

 Your Spells              Type           Power      Damage    Failure   Level
a - Freeze                Ice            72%        1d9       2%          1
b - Frozen Ramparts       Ice            36%        1d5       9%          3

Your spell library contained the following spells:

 Spells                   Type           Power      Damage    Failure   Level
 Ozocubu's Armour         Ice            18%        N/A       9%          3
 Beastly Appendage        Tmut           4%         N/A       17%         1
 Summon Small Mammal      Summ           8%         N/A       17%         1
 Corpse Rot               Necr/Air       4%         N/A       26%         2
 Wereblood                Tmut           2%         N/A       26%         2
 Call Canine Familiar     Summ           2%         N/A       45%         3
 Spider Form              Tmut/Pois      2%         N/A       45%         3
 Summon Guardian Golem    Hex/Summ       2%         N/A       45%         3
 Hailstorm                Conj/Ice       10%        3d5       56%         4
 Dispel Undead            Necr           2%         3d7       86%         4
 Death Channel            Necr           1%         N/A       100%        6


Dungeon Overview and Level Annotations

Branches:
Dungeon (4/15)
 Temple: D:4-7

Altars:

Annotations:
D:4 Grinder, Pikel


Innate Abilities, Weirdness & Mutations

You have large cloven feet.
You are mostly covered in sharp spines.


Message History

You kill the goblin!
Things that are here:
a +0 club; a goblin corpse You open the door.
There is an open door here.
You open the door.
There is an open door here.
There is an open door here.
You open the door.
There is an open door here.
You open the door.
There is an open door here.
You open the door.
There is an open door here.
You open the door.
There is an open door here.
As you open the door, it creaks loudly! 4 lemures and Pikel come into view.
Pikel is wielding a +1 whip of flaming and carrying a wand of iceblast (7).
The lemure shouts!
Pikel shouts!
The lemure shouts! x2; You hear a shout!
There are monsters nearby!
There are monsters nearby!
You freeze the lemure!
The lemure is moderately wounded.
The lemure hits you! The lemure hits you but does no damage.
There is an open door here.
Grinder comes into view.
Press: ? - help, v - describe, . - travel
Here: Pikel, wielding a +1 whip of flaming, wearing a +0 robe and carrying a wand of iceblast (7)
The floor.
Unknown command.
Pikel zaps a wand.
The mass of ice explodes!
The iceblast engulfs you!
Pikel zaps a wand.
The mass of ice explodes!
The iceblast engulfs you!
* * * LOW HITPOINT WARNING * * *
Okay, then.
It was a potion of cancellation.
You feel magically purged.
It was a potion of haste.
You feel yourself speed up.
Pikel zaps a wand.
The mass of ice explodes!
The iceblast engulfs you!
You die...

.(..................#
.......>........#####
..........####'##...#
###.......#.....'...#
#.......+.....#...#
#.......#.....#...#
#.......##...###.##
#....#+#########'###
....#........@....#
#.............#
+.............#
#.............#
#.....K.......#
#####5#########
###5.# K....
#....#......
#....5......


You could see Pikel and 2 lemures.

Vanquished Creatures
  A hound (D:4)
  Jessica (D:2)
  A hound skeleton (D:4)
  4 gnolls (D:3)
  2 adders
  A dart slug (D:1)
  9 ball pythons
  3 bats
  2 endoplasms
  2 giant cockroaches
  5 goblins
  3 hobgoblins
  7 jackals
  3 quokkas
  2 frilled lizards
  4 kobolds
  5 rats
55 creatures vanquished.

Notes
Turn   | Place    | Note
-------+----------+-------------------------------------------
     0 | D:1      | Anon1729 the Demonspawn Ice Elementalist began the quest
                  | for the Orb.
     0 | D:1      | Reached XP level 1. HP: 13/13 MP: 3/3
   180 | D:1      | Found a faded altar of an unknown god.
   388 | D:1      | Gained mutation: You are partially covered in sharp spines.
                  | [demonic ancestry]
   388 | D:1      | Reached XP level 2. HP: 8/19 MP: 0/5
  1257 | D:2      | Gained mutation: You are mostly covered in sharp spines.
                  | [demonic ancestry]
  1257 | D:2      | Reached XP level 3. HP: 6/24 MP: 0/6
  1594 | D:2      | Learned a level 3 spell: Frozen Ramparts
  1967 | D:2      | Noticed Jessica
  1970 | D:2      | Killed Jessica
  1971 | D:2      | Reached skill level 4 in Ice Magic
  2318 | D:3      | Discovered your monstrous ancestry.
  2318 | D:3      | Gained mutation: You have large cloven feet. [demonic
                  | ancestry]
  2318 | D:3      | Reached XP level 4. HP: 30/30 MP: 5/7
  3165 | D:4      | Reached XP level 5. HP: 32/35 MP: 9/9
  3344 | D:4      | Noticed Pikel
  3344 | D:4      | Noticed a lemure
  3344 | D:4      | Noticed a lemure
  3344 | D:4      | Noticed a lemure
  3344 | D:4      | Noticed a lemure
  3349 | D:4      | Noticed Grinder
  3355 | D:4      | Killed from afar by Pikel

Illustrated notes

Levels and vault maps discovered:
D:1:      dpeg_arrival_water_fire, layout_basic,
          nicolae_ecumenical_snake_handling
D:2:      layout_loops_ring, uniq_jessica
D:3:      layout_basic, nicolae_elevator_lobby_plus
D:4:      layout_gridville, kennysheep_mini, nicolae_shop_firing_range,
          uniq_pikel, uniq_grinder

Skill      XL: |  1  2  3  4 |
---------------+-------------+-----
Dodging        | 2 |  2.9
Stealth        | 2 3 |  3.1
Ice Magic      | 4 |  4.3
Unarmed Combat | |  0.8
Spellcasting   | |  2.9

Action                   |  1- 3 |  4- 6 || total
-------------------------+-------+-------++-------
Melee: Unarmed           |     6 |       ||     6
       Dagger            |    26 |    32 ||    58
       Kick              |       |     7 ||     7
 Cast: Freeze            |    28 |    11 ||    39
  Use: Potion            |       |     2 ||     2
 Stab: Sleeping          |     2 |     2 ||     4
Armor: Robe              |     7 |     5 ||    12
Dodge: Dodged            |    35 |    29 ||    64

Table legend: (Time is in decaauts)
 A = Elapsed time spent in this place.
 B = Non-inter-level travel time spent in this place.
 C = Inter-level travel time spent in this place.
 D = Time resting spent in this place.
 E = Time spent auto-exploring this place.
 F = Levels seen in this place.
 G = Mean time per level.
                   A        B        C        D        E       F      G
               +--------+--------+--------+--------+--------+-----+--------+
         Total |   3354 |   3074 |    280 |    182 |   2554 |   4 |  838.5 |
       Dungeon |   3354 |   3074 |    280 |    182 |   2554 |   4 |  838.5 |
               +--------+--------+--------+--------+--------+-----+--------+

Top non-repeatable levels by time:
     D:1: 1350 daAuts
     D:2: 916 daAuts
     D:3: 849 daAuts
     D:4: 238 daAuts
